 Dungeon Crawl Stone Soup version 0.28.0 (webtiles) character file.

Game seed: 12779397060098566713

46 SnakkuSnakku7 the Magician (level 3, -3/30 HPs)
             Began as a Ghoul Hedge Wizard on Feb 15, 2022.
             Slain by a gnoll (6 damage)
             ... on level 2 of the Dungeon.
             The game lasted 00:03:13 (890 turns).

SnakkuSnakku7 the Magician (Ghoul Hedge Wizard)      Turns: 890, Time: 00:03:14

Health: -3/30      AC:  8    Str: 13    XL:     3   Next: 66%
Magic:  6/6        EV:  5    Int:  9    God:
Gold:   46         SH:  0    Dex: 10    Spells: 6/7 levels left

rFire   . . .      SeeInvis .   l - +2 short sword (speed)
rCold   + . .      Faith    .   (no shield)
rNeg    + + +      Spirit   .   i - +0 chain mail
rPois   ∞          Reflect  .   c - +0 hat
rElec   .          Harm     .   (no cloak)
rCorr   .          Rampage  .   (no gloves)
Will    .....                   (no boots)
Stlth   ..........              (no amulet)
HPRegen 0.00/turn               (no ring)
MPRegen 0.10/turn               (no ring)

@: inhibited regen, hasted, very quick
A: claws 1, cold resistance 1, negative energy resistance 3, inhibited
regeneration, torment resistance 2
a: no special abilities


You were on level 2 of the Dungeon.
You visited 1 branch of the dungeon, and saw 2 of its levels.

You collected 46 gold pieces.

Inventory:

Hand Weapons
 a - a +0 dagger
 f - a +0 rapier
 l - a +2 short sword of speed (weapon)
 m - a +0 glaive
Armour
 b - a +0 robe
 c - a +0 hat (worn)
 e - a +0 ring mail
 g - a +0 scale mail
 i - a +0 chain mail (worn)
Magical Staves
 d - a staff of death
Scrolls
 h - a scroll of magic mapping {unknown}
 j - a scroll of acquirement {unknown}
 k - a scroll of silence {unknown}


   Skills:
 + Level 2.3 Fighting
 + Level 0.7 Polearms
 - Level 1.7 Dodging
 - Level 2.1 Stealth
 - Level 2.0 Unarmed Combat
 - Level 2.6 Spellcasting
 - Level 0.7 Conjurations
 - Level 0.8 Summonings
 - Level 0.8 Translocations


You had 6 spell levels left.
You knew the following spells:

 Your Spells              Type           Power      Damage    Failure   Level
a - Magic Dart            Conj           8%         1d3       100%        1

Your spell library contained the following spells:

 Spells                   Type           Power      Damage    Failure   Level
 Slow                     Hex            4%         N/A       100%        1
 Blink                    Tloc           4%         N/A       100%        2
 Call Imp                 Summ           2%         N/A       100%        2
 Call Canine Familiar     Summ           2%         N/A       100%        3
 Conjure Flame            Conj/Fire      1%         6-21      100%        3
 Dazzling Flash           Conj/Hex       2%         N/A       100%        3
 Mephitic Cloud           Conj/Pois/Air  1%         N/A       100%        3
 Portal Projectile        Hex/Tloc       2%         N/A       100%        3
 Leda's Liquefaction      Hex/Erth       0%         N/A       100%        4
 Agony                    Necr           1%         N/A       100%        5
 Silence                  Hex/Air        0%         N/A       100%        5


Dungeon Overview and Level Annotations

Branches:
Dungeon (2/15)

Altars:

Shops:
D:2 [


Innate Abilities, Weirdness & Mutations

You thrive by killing the living.
You are immune to poison.
You have sharp fingernails.
Your flesh is cold resistant. (rC+)
You are immune to negative energy. (rN+++)
You do not regenerate when monsters are visible.
You are immune to unholy pain and torment.


Message History

You kill the jackal!
You completely miss the goblin. You barely miss the goblin.
The goblin hits you but does no damage.
You closely miss the goblin. The goblin barely misses you.
You hit the goblin.
The goblin is severely wounded.
The goblin hits you but does no damage.
You puncture the goblin!
You kill the goblin!
You puncture the kobold!
You kill the kobold!
You feel better.
Items here: ( )) †††.
Items here: ( )) †††.
Things that are here:
a jackal corpse; an adder corpse A gnoll is nearby!
A gnoll is nearby!
A gnoll is nearby!
The gnoll shouts!
You hear a shout!
The gnoll shouts!
You hear a shout!
The gnoll shouts!
You hit the gnoll.
The gnoll is heavily wounded.
The gnoll hits you with a +0 flail!
You hit the gnoll but do no damage.
The gnoll is heavily wounded.
The gnoll completely misses you.
You closely miss the gnoll.
The gnoll is heavily wounded.
The gnoll hits you with a +0 flail! The gnoll hits you but does no damage.
You hit the gnoll.
The gnoll is severely wounded.
The gnoll hits you with a +0 flail.
* * * LOW HITPOINT WARNING * * *
The gnoll hits you with a +0 flail.
* * * LOW HITPOINT WARNING * * *
Okay, then.
It was a potion of haste.
You feel yourself speed up. The gnoll completely misses you.
The gnoll hits you with a +0 flail.
You die...

.......####≈≈≈.#)#
....... #≈≈≈≈≈#†#
.......###≈≈∩≈≈#.###
###.###...≈≈.≈≈....#
#. #....≈.≈...#.# #
#.......g..#g#
#######.####.# #g#
##.#### #@# #.....#
#g# #..##.# #.#
#...#.#
###.####....#
#....####.###
#.......#.#
#.....#.#.#
#.....#<#.#
#..g..###.#


You could see 3 gnolls.

Vanquished Creatures
  2 adders (D:2)
  A ball python (D:1)
  A giant cockroach (D:1)
  5 goblins
  2 hobgoblins (D:1)
  5 jackals (D:2)
  4 kobolds
  3 bats (D:1)
  2 frilled lizards (D:1)
  A rat (D:1)
26 creatures vanquished.

Notes
Turn   | Place    | Note
-------+----------+-------------------------------------------
     0 | D:1      | SnakkuSnakku7 the Ghoul Hedge Wizard began the quest for
                  | the Orb.
     0 | D:1      | Reached XP level 1. HP: 14/14 MP: 3/3
   156 | D:1      | Reached skill level 1 in Fighting
   156 | D:1      | Reached skill level 1 in Unarmed Combat
   167 | D:1      | Reached XP level 2. HP: 16/23 MP: 4/4
   664 | D:2      | Reached XP level 3. HP: 28/29 MP: 6/6
   752 | D:2      | Found Patiquoschi's Armour Emporium.
   890 | D:2      | Slain by a gnoll

Illustrated notes

Levels and vault maps discovered:
D:1:      lightli_arrival_quake, layout_basic
D:2:      layout_basic, serial_shops, nicolae_shop_waterfront,
          hellmonk_ecumenical_altar_inner_sanctum, basic_altar

Skill      XL: |  1  2 |
---------------+-------+-----
Fighting       | 1 2 |  2.3
Unarmed Combat | 1 2 |  2.0
Polearms       | |  0.7
Dodging        | |  1.7
Stealth        | |  2.1
Spellcasting   | |  2.6
Conjurations   | |  0.7
Summonings     | |  0.8
Translocations | |  0.8

Action                   || total
-------------------------++-------
Melee: Rapier            ||    50
       Punch             ||     3
       Short sword       ||    64
 Cast: Magic Dart        ||     1
  Use: Potion            ||     1
Armor: Robe              ||     5
       Chain mail        ||    51
       Scale mail        ||    14
Dodge: Dodged            ||    39
